AoeStats
← DSLG | Shamer

Yucatan

510917978Analyzed
4v4 RM · 8h ago on Oct 3, 2026· 52m 4s· 8 players
Game mode
Random Map
Map size
Large (8 player)
Population
200
Speed
Normal
Resources
Standard
Victory
Conquest
Starting age
Dark Age
Ending age
Imperial Age
RankedLock teamsTeams togetherTeam positionsShared explorationLock speedFull tech treeHidden civsTurbo modeCheats
Victory
Defeat
🇨🇳 Vietnamese · China
1203
+12
🇨🇳 Franks · China
1190
+12
🇲🇽 Tatars · Mexico
1187
+13
🇨🇳 Bohemians · China
1062
+18
🇵🇪 Poles · Peru
1137
-15
🇵🇪 Dravidians · Peru
1114
-14
🇨🇱 Aztecs · Chile
1113
-14
🇲🇽 Maya · Mexico
1068
-12
Tlacaelel.MX
0:29 Loom
10:29 Feudal Age
12:02 Town Watch
12:04 Double-Bit Axe
15:27 Wheelbarrow
20:52 Castle Age
19:09 Gold Mining
19:45 Horse Collar
21:32 Crossbowman
22:41 Stone Mining
24:05 Bow Saw
25:21 Hand Cart
26:00 Fletching
26:41 Bodkin Arrow
29:20 Padded Archer Armor
31:26 Medium Warships
35:14 Heavy Plow
39:34 Imperial Age
37:38 Fortified Wall
37:54 Leather Archer Armor
37:40 Scale Mail Armor
38:44 Stone Shaft Mining
38:48 Thumb Ring
40:05 Ballistics
41:34 Conscription
41:27 Murder Holes
41:43 Eagle Warrior
43:41 Bracer
44:07 Squires
44:19 Forging
45:27 Ring Archer Armor
44:39 Pikeman
46:15 Iron Casting
45:19 Halberdier
46:28 Elite Skirmisher
47:58 Onager
49:06 Masonry
49:48 Chain Mail Armor
49:23 Arson
50:47 Crop Rotation
51:30 Two-Man Saw
50:21 Elite Eagle Warrior
Haku...!!!
9:18 Loom
11:48 Feudal Age
16:15 Castle Age
15:35 Fletching
21:07 Elite Skirmisher
21:08 Crossbowman
24:56 Pikeman
25:42 Double-Bit Axe
28:44 Thumb Ring
28:43 Squires
30:19 Padded Archer Armor
30:23 Scale Mail Armor
31:33 Bow Saw
32:12 Leather Archer Armor
32:55 Arson
35:46 Horse Collar
36:45 Wheelbarrow
40:47 Ballistics
42:27 Murder Holes
42:47 Heavy Plow
43:08 Bodkin Arrow
43:45 Gold Mining
44:30 Stone Mining
45:38 Forging
Nichelson3360
5:09 Loom
10:54 Feudal Age
17:40 Castle Age
15:53 Double-Bit Axe
19:24 Bow Saw
18:59 Horse Collar
19:18 Gold Mining
27:59 Gold Shaft Mining
27:48 Heavy Plow
28:45 Forging
28:35 Scale Mail Armor
32:09 Imperial Age
29:57 Scale Mail Armor
31:20 Forging
31:26 Chain Mail Armor
31:28 Pikeman
32:09 Squires
31:54 Gambesons
31:55 Arson
32:17 Stone Mining
33:15 Iron Casting
33:50 Crop Rotation
35:10 Garland Wars
35:34 Wheelbarrow
36:01 Blast Furnace
35:31 Plate Mail Armor
36:02 Stone Shaft Mining
36:33 Plate Mail Armor
37:28 Elite Jaguar Warrior
38:46 Hand Cart
41:58 Fletching
41:48 Capped Ram
42:52 Bodkin Arrow
44:03 Chemistry
43:24 Ballistics
51:03 Bracer
DSLG | Shamer
4:53 Loom
12:55 Feudal Age
14:26 Double-Bit Axe
17:37 Castle Age
15:21 Horse Collar
17:30 Scale Barding Armor
17:35 Forging
18:09 Bloodlines
19:23 Husbandry
19:41 Light Cavalry
27:20 Wheelbarrow
30:43 Bow Saw
32:51 Chain Barding Armor
33:07 Iron Casting
32:57 Heavy Plow
33:50 Hand Cart
37:58 Imperial Age
37:11 Gold Mining
37:11 Stone Mining
39:02 Lechitic Legacy
39:02 Conscription
38:49 Szlachta Privileges
39:21 Crop Rotation
38:40 Cavalier
40:54 Town Watch
40:59 Winged Hussar
43:42 Ballistics
44:24 Chemistry
43:35 Siege Engineers
43:50 Siege Engineers
43:26 Treadmill Crane
46:13 Town Patrol
47:39 Scale Mail Armor
48:40 Blast Furnace
48:25 Masonry
48:27 Fortified Wall
51:21 Chain Mail Armor
51:07 Padded Archer Armor
50:57 Fletching
Queondacompa
7:16 Loom
11:22 Feudal Age
11:57 Double-Bit Axe
17:32 Castle Age
17:03 Town Watch
17:54 Wheelbarrow
17:52 Gold Mining
17:53 Stone Mining
18:18 Fletching
18:29 Padded Archer Armor
20:08 Bow Saw
20:07 Elite Skirmisher
21:32 Bodkin Arrow
21:53 Leather Archer Armor
28:30 Horse Collar
29:51 Heavy Plow
33:21 Bloodlines
34:18 Husbandry
35:20 Hand Cart
39:41 Ballistics
41:57 Imperial Age
42:59 Conscription
42:52 Silk Armor
42:22 Heavy Cavalry Archer
44:46 Crop Rotation
44:53 Gold Shaft Mining
45:02 Bracer
45:33 Ring Archer Armor
46:07 Chemistry
吸尽瓶~~
10:05 Loom
12:46 Feudal Age
13:41 Double-Bit Axe
19:26 Castle Age
18:27 Stone Mining
21:30 Gold Mining
32:14 Husbandry
32:32 Forging
32:28 Scale Barding Armor
35:05 Imperial Age
33:11 Wheelbarrow
35:03 Hand Cart
36:05 Cavalier
37:28 Gold Shaft Mining
42:46 Iron Casting
42:32 Chain Barding Armor
47:53 Blast Furnace
47:28 Plate Barding Armor
47:03 Paladin
48:44 Conscription
49:25 Chivalry
炮炮崽
11:14 Feudal Age
11:45 Loom
11:53 Double-Bit Axe
14:24 Town Watch
18:33 Castle Age
18:09 Stone Mining
18:01 Horse Collar
18:14 Gold Mining
19:01 Wheelbarrow
20:19 Stone Shaft Mining
19:56 Bow Saw
22:30 Crossbowman
23:21 Thumb Ring
26:45 Fletching
28:04 Town Patrol
32:38 Imperial Age
30:22 Elite Skirmisher
31:32 Hand Cart
31:23 Bodkin Arrow
31:28 Padded Archer Armor
34:51 Two-Man Saw
34:31 Bracer
35:29 Elite Rattan Archer
35:32 Elite Rattan Archer
37:07 Sanctity
37:33 Leather Archer Armor
37:18 Heated Shot
37:48 Ballistics
41:11 Crossbowman
42:23 Ring Archer Armor
42:24 Arbalester
44:19 Chemistry
43:03 Imperial Skirmisher
47:21 Caravan
47:51 Coinage
47:35 Guilds
48:14 Scale Mail Armor
Ehco
6:37 Loom
11:18 Feudal Age
15:24 Castle Age
13:43 Double-Bit Axe
15:22 Wheelbarrow
33:39 Imperial Age
32:07 Hand Cart
31:42 Pikeman
34:22 Chemistry
33:32 Fortified Wall
33:19 Murder Holes
33:36 Bow Saw
33:10 Horse Collar
34:00 Wagenburg Tactics
33:49 Halberdier
34:29 Squires
35:29 Conscription
35:40 Siege Engineers
37:33 Forging
37:23 Scale Mail Armor
37:14 Fletching
39:40 Iron Casting
39:10 Scale Barding Armor
39:35 Chain Mail Armor
39:21 Padded Archer Armor
39:24 Bodkin Arrow
40:22 Houfnice
42:28 Hussite Reforms
41:49 Elite Hussite Wagon
43:39 Blast Furnace
43:09 Plate Mail Armor
49:46 Man-at-Arms
Connection lost

Rejoining the realm…

Still unreachable

The connection could not be restored.

Session expired

The server has moved on; the page needs a fresh start.